 Dungeon Crawl Stone Soup version 0.29-a0-732-g3d7fbe0af2 (webtiles) character file.

Game seed: 15806574786599533385

2454 crusatyr the Severer (level 9, -2/109 HPs)
             Began as a Hill Orc Berserker on June 29, 2022.
             Was an Elder of Trog.
             Slain by a gnoll sergeant
             ... wielding a +6 vorpal spear
              (8 damage)
             ... on level 7 of the Dungeon.
             The game lasted 00:13:26 (9282 turns).

crusatyr the Severer (Hill Orc Berserker)           Turns: 9282, Time: 00:13:26

Health: -2/109     AC:  8    Str: 20    XL:     9   Next: 50%
Magic:  9/9        EV: 11    Int: 13    God:    Trog [****..]
Gold:   593        SH:  0    Dex: 14    Spells: 8/8 levels left

rFire   . . .      SeeInvis +   p - +2 war axe (drain)
rCold   . . .      Faith    .   (no shield)
rNeg    . . .      Spirit   .   q - +0 swamp dragon scales
rPois   +          Reflect  .   h - +0 helmet
rElec   .          Harm     .   w - scarf {repulsion}
rCorr   .          Rampage  .   (no gloves)
Will    .....                   (no boots)
Stlth   ..........              (no amulet)
HPRegen 0.28/turn               o - +6 ring of intelligence
MPRegen 0.11/turn               d - ring of see invisible

@: berserking (expiring), repel missiles, very quick
A: no striking features
a: Renounce Religion, Berserk, Trog's Hand, Brothers in Arms


You were on level 7 of the Dungeon.
You worshipped Trog.
Trog was greatly pleased with you.
You visited 1 branch of the dungeon, and saw 7 of its levels.
You also visited: Sewer and Ossuary.

You collected 593 gold pieces.

Inventory:

Hand Weapons
 p - a +2 war axe of draining (weapon)
 y - a +1 war axe
 z - a +0 flail
Missiles
 F - a throwing net (quivered)
Armour
 a - a +0 chain mail
 h - a +0 helmet (worn)
 q - +0 swamp dragon scales (worn)
 w - a scarf of repulsion (worn)
 G - a +1 cloak
 H - a +0 ring mail of fire resistance
Jewellery
 d - a ring of see invisible (right hand)
 j - a ring of ice
 o - a +6 ring of intelligence (left hand)
 E - a ring of magical power
Wands
 v - a wand of iceblast (14)
Scrolls
 b - a scroll of enchant weapon
 i - 3 scrolls of teleportation
 k - 2 scrolls of immolation {unknown}
 m - a scroll of amnesia {unknown}
 n - 2 scrolls of identify
 r - 2 scrolls of fog
 s - a scroll of silence {unknown}
 A - a scroll of enchant armour {unknown}
 D - a scroll of brand weapon {unknown}
 I - a scroll of fear
 K - a scroll of poison {unknown}
Potions
 c - a potion of brilliance {unknown}
 e - 3 potions of heal wounds
 f - 2 potions of berserk rage {unknown}
 g - 2 potions of attraction {unknown}
 l - 2 potions of lignification {unknown}
 t - 4 potions of curing {unknown}
 u - 3 potions of flight
 x - a potion of mutation {unknown}
 B - a potion of magic {unknown}
 C - 3 potions of haste {unknown}
 J - 2 potions of ambrosia {unknown}


   Skills:
 * Level 4.8 Fighting
 - Level 16.0 Axes
 - Level 2.1 Armour
 - Level 1.5 Dodging


You had 8 spell levels left.
You didn't know any spells.
Your spell library was empty.

Dungeon Overview and Level Annotations

Branches:
Dungeon (7/15)              Sewer (visited)         Ossuary (visited)
 Temple: D:4-7

Altars:
Dithmenos
Sif Muna
Trog

Annotations:
D:5 2 transporters, sammy202020's ghost, novice DsBe


Message History

The gnoll sergeant hits you from afar with a +6 vorpal spear.
The gnoll barely misses you.
The gnoll sergeant hits you from afar with a +6 vorpal spear!
A red film seems to cover your vision as you go berserk!
You feel yourself moving faster!
You feel mighty! The gnoll hits you with a +0 spear.
The gnoll sergeant hits you from afar with a +6 vorpal spear!
* * * LOW HITPOINT WARNING * * *
x2 You hit the gnoll.
You drain the gnoll.
The gnoll is severely wounded.
You barely miss the gnoll.
The gnoll is severely wounded.
The gnoll sergeant misses you. The gnoll hits you with a +0 spear.
* * * LOW HITPOINT WARNING * * *
You closely miss the gnoll.
The gnoll is severely wounded.
You barely miss the gnoll.
The gnoll is severely wounded.
The gnoll barely misses you. The gnoll sergeant closely misses you.
You hit the gnoll but do no damage.
The gnoll is severely wounded.
You completely miss the gnoll.
The gnoll is severely wounded.
The gnoll hits you but does no damage.
The gnoll sergeant hits you from afar with a +6 vorpal spear!
* * * LOW HITPOINT WARNING * * *
x2 You barely miss the gnoll.
The gnoll is severely wounded.
You barely miss the gnoll.
The gnoll is severely wounded.
The gnoll hits you with a +0 spear.
* * * LOW HITPOINT WARNING * * *
The gnoll sergeant hits you from afar with a +6 vorpal spear.
* * * LOW HITPOINT WARNING * * *
x2 You slash the gnoll!
You kill the gnoll!
Trog accepts your kill.
Okay, then.
The gnoll sergeant hits you with a +6 vorpal spear!
You die...

# # .#. ... #.# #.#
#######)#######
.......g......$
.######@######. #.#
.######.######.
.......!.......
.#####...#####.
#.....#
.#####...#####. ###
.####...............
#..
....########.#######


You could see a gnoll sergeant (very drained).

Vanquished Creatures
  Maggie (D:6)
  A water moccasin (D:5)
  A black bear (D:5)
  A sky beast (D:6)
  3 ogres
  2 phantoms
  4 kobold brigands (Sewer)
  A necrophage (D:4)
  4 scorpions
  A howler monkey (D:6)
  2 jellies
  5 hounds
  2 orc priests (D:3)
  A gnoll shaman (D:6)
  3 orc wizards (D:5)
  4 iguanas
  8 mummies (Ossuary)
  10 gnolls
  6 adders
  A river rat (D:5)
  A white imp (D:6)
  2 ufetubi
  2 worms
  3 dart slugs
  19 orcs
  10 endoplasms
  4 giant cockroaches
  3 hobgoblins
  5 quokkas
  11 ball pythons
  7 bats
  4 frilled lizards
  A gnoll zombie (Ossuary)
  10 goblins
  A hobgoblin zombie (Ossuary)
  19 kobolds
  4 kobold zombies (Ossuary)
  2 orc zombies (Ossuary)
  9 rats
178 creatures vanquished.

Vanquished Creatures (others)
  3 fungi (Sewer)
  12 plants
15 creatures vanquished.

Grand Total: 193 creatures vanquished

Notes
Turn   | Place    | Note
-------+----------+-------------------------------------------
     0 | D:1      | crusatyr the Hill Orc Berserker began the quest for the
                  | Orb.
     0 | D:1      | Reached XP level 1. HP: 19/19 MP: 1/1
   178 | D:1      | Reached XP level 2. HP: 20/26 MP: 2/2
   375 | D:1      | Reached skill level 5 in Axes
   416 | D:1      | You fall into a shaft and drop 1 floor!
   756 | D:2      | Reached ** piety under Trog
   787 | D:2      | Reached XP level 3. HP: 22/31 MP: 3/3
  1471 | D:2      | Reached skill level 6 in Axes
  1633 | D:2      | Reached XP level 4. HP: 33/39 MP: 4/4
  2329 | D:2      | Reached skill level 7 in Axes
  2604 | D:3      | Reached XP level 5. HP: 41/45 MP: 5/5
  2926 | D:3      | Reached skill level 8 in Axes
  3211 | D:3      | Found a bloodstained altar of Trog.
  3582 | D:4      | Reached XP level 6. HP: 38/51 MP: 6/6
  3784 | D:4      | Reached skill level 9 in Axes
  3789 | D:4      | Reached skill level 10 in Axes
  3789 | D:4      | Reached XP level 7. HP: 37/57 MP: 7/7
  4218 | D:4      | Reached *** piety under Trog
  5416 | D:5      | Entered Level 5 of the Dungeon
  5489 | D:5      | Found a glowing drain.
  5500 | D:5      | Reached skill level 11 in Axes
  5506 | Sewer    | Entered a sewer
  5727 | Sewer    | Reached skill level 12 in Axes
  5727 | Sewer    | Reached XP level 8. HP: 64/64 MP: 8/8
  5976 | D:5      | Found a shadowy altar of Dithmenos.
  6138 | D:5      | Reached skill level 13 in Axes
  6995 | D:5      | Found a transporter.
  7000 | D:5      | Noticed sammy202020's ghost (novice DsBe)
  7285 | D:5      | Found a transporter.
  7329 | D:5      | Reached skill level 14 in Axes
  7804 | D:5      | Found a shimmering blue altar of Sif Muna.
  7879 | D:5      | Identified the +8 dagger "Adupax" {speed, rElec rN++ Str+2}
  8131 | D:6      | Found a sand-covered staircase.
  8140 | Ossuary  | Entered an ossuary
  8156 | Ossuary  | Reached **** piety under Trog
  8428 | D:6      | Reached XP level 9. HP: 68/70 MP: 9/9
  8528 | D:6      | Reached skill level 15 in Axes
  8900 | D:6      | Noticed Maggie
  8916 | D:6      | Killed Maggie
  8917 | D:6      | Reached skill level 16 in Axes
  9280 | D:7      | HP: 5/109 [gnoll sergeant/+6 vorpal spear (1)]
  9282 | D:7      | Slain by a gnoll sergeant

Illustrated notes

Levels and vault maps discovered:
D:1:      ncdulo_wetmaze, layout_rooms
D:2:      minmay_recursive_quarters, layout_loops_corners
D:3:      layout_rooms, mainiacjoe_overflow_tiny_flanked, serial_forest,
          infiniplex_forest_clump_tiny, infiniplex_forest_zigzag_1,
          infiniplex_forest_3_way, infiniplex_forest_clump_small,
          infiniplex_forest_lined_ring, infiniplex_forest_corner_1,
          infiniplex_forest_clump_diagonal, infiniplex_forest_clump_tiny
D:4:      layout_cave_pods
D:5:      layout_basic, nicolae_dithmenos_shadow_blocks, led_sif_book,
          gammafunk_ghost_mausoleum, serial_curves, eino_curves_02,
          eino_curves_02, eino_curves_02, portal_sewer_entry_a,
          kennysheep_small_spiral, serial_bayou_ford_a, minivault_1
D:6:      layout_cave_pools, nicolae_ossuary_entry_monument, uniq_maggie
D:7:      layout_loops_corners, minmay_temple_entry_trees, grunt_ministairs_15

Skill      XL: |  1  2  3  4  5  6  7  8  9 |
---------------+----------------------------+-----
Axes           | 5 6 7 8 10 12 14 16 | 16.0
Fighting       | 4 |  4.8
Armour         | |  2.1
Dodging        | |  1.5

Action                   |  1- 3 |  4- 6 |  7- 9 || total
-------------------------+-------+-------+-------++-------
Melee: Hand axe          |   127 |   145 |    40 ||   312
       Punch             |       |     2 |     2 ||     4
       War axe           |       |       |   282 ||   282
Invok: Berserk           |       |     1 |    10 ||    11
       Trog's Hand       |       |       |     1 ||     1
  Use: Scroll            |       |       |    10 ||    10
 Stab: Sleeping          |       |     2 |       ||     2
Armor: Animal skin       |     1 |       |       ||     1
       Scale mail        |    41 |    47 |    12 ||   100
       Chain mail        |       |       |   100 ||   100
       Swamp dragon scal |       |       |     9 ||     9
Dodge: Dodged            |    75 |    63 |   127 ||   265
       Repelled          |       |       |     1 ||     1

Table legend: (Time is in decaauts)
 A = Elapsed time spent in this place.
 B = Non-inter-level travel time spent in this place.
 C = Inter-level travel time spent in this place.
 D = Time resting spent in this place.
 E = Time spent auto-exploring this place.
 F = Levels seen in this place.
 G = Mean time per level.
                   A        B        C        D        E       F      G
               +--------+--------+--------+--------+--------+-----+--------+
         Total |   9342 |   9011 |    331 |   2607 |   4930 |   9 | 1038.0 |
       Dungeon |   8598 |   8267 |    331 |   2353 |   4612 |   7 | 1228.3 |
         Sewer |    501 |    501 |      0 |    254 |    147 |   1 |  501.0 |
       Ossuary |    241 |    241 |      0 |      0 |    171 |   1 |  241.0 |
               +--------+--------+--------+--------+--------+-----+--------+

Top non-repeatable levels by time:
     D:5: 2177 daAuts
     D:4: 1988 daAuts
     D:2: 1824 daAuts
     D:3: 969 daAuts
     D:6: 803 daAuts
     D:1: 692 daAuts
   Sewer: 501 daAuts
 Ossuary: 241 daAuts
     D:7: 142 daAuts
